 Dungeon Crawl Stone Soup version 0.22-a0-377-g846bec1 (webtiles) character file.

126 Gorice the Chopper (level 5, -2/45 HPs)
             Began as a Hill Orc Fighter on Apr 26, 2018.
             Slain by Grinder (4 damage)
             ... while paralysed by Grinder
             ... on level 3 of the Dungeon on Apr 27, 2018.
             The game lasted 00:11:02 (1890 turns).

Gorice the Chopper (Hill Orc Fighter)               Turns: 1890, Time: 00:11:03

Health: -2/45      AC:  8    Str: 19    XL:     5   Next: 10%
Magic:  5/5        EV:  2    Int:  9    God:
Gold:   145        SH:  0    Dex: 10    Spells: 4/4 levels left

rFire    . . .     SeeInvis .   a - +0 war axe
rCold    . . .     Gourm    .   c - +0 shield
rNeg     . . .     Faith    .   b - +0 scale mail
rPois    .         Spirit   .   (no helmet)
rElec    .         Reflect  .   m - +0 cloak
rCorr    .         Harm     .   (no gloves)
MR       .....                  (no boots)
Stlth    ..........             (no amulet)
HPRegen  0.15/turn              (no ring)
MPRegen  0.09/turn              (no ring)

@: paralysed
A: no striking features
a: no special abilities


You were on level 3 of the Dungeon.
You were hungry.

You visited 1 branch of the dungeon, and saw 3 of its levels.

You collected 145 gold pieces.

Inventory:

Hand Weapons
 a - a +0 war axe (weapon)
Missiles
 e - 8 javelins
 h - 2 tomahawks (quivered)
 Y - 82 stones
Armour
 b - a +0 scale mail (worn)
 c - a +0 shield (worn)
 m - a +0 cloak (worn)
Scrolls
 g - a scroll of enchant weapon {unknown}
 j - a scroll of fear {!r}
Potions
 d - a potion of might {!q}
 i - a potion of haste {!q}
 k - a potion of flight
Comestibles
 f - 10 rations


   Skills:
 - Level 3.6 Fighting
 * Level 5.7 Axes
 + Level 4.4 Armour
 - Level 3.2 Shields


You had 4 spell levels left.
You didn't know any spells.

Dungeon Overview and Level Annotations

Branches:
Dungeon (3/15)

Altars:
Gozag
Kikubaaqudgha

Annotations:
D:2 Terence
D:3 Grinder


Message History

You barely miss the orc.
The orc is lightly wounded.
You block the orc's attack.
Your shield and scale mail prevent you from hitting the orc.
The orc is lightly wounded.
The orc hits you.
Damage: 3 (max 4)
You hit the orc.
The orc is almost dead.
The orc hits you. You block the orc's attack.
Damage: 3 (max 4)
You slash the orc!
You kill the orc!
Grinder gestures at you. You resist with significant effort.
Grinder hits you but does no damage.
Items here: )) [[ a chain mail; a dagger; a robe; a short sword Your shield and scale mail prevent you from hitting Grinder.
Grinder says, "Tell me all your secrets, or I'll kill you."
Grinder completely misses you.
You barely miss Grinder. You block Grinder's attack.
Grinder hits you but does no damage.
Your shield prevents you from hitting Grinder.
Grinder gestures at you. Pain shoots through your body!
Damage: 8 (max 8)
You slash Grinder!
Grinder is moderately wounded.
Grinder hits you.
Damage: 1 (max 8)
You barely miss Grinder.
Grinder is moderately wounded.
Grinder hits you.
* * * LOW HITPOINT WARNING * * *
You writhe in agony.
* * * LOW HITPOINT WARNING * * *
Damage: 8 (max 8)
You hit Grinder.
Grinder is heavily wounded.
Grinder hits you!
* * * LOW HITPOINT WARNING * * *
You writhe in agony.
* * * LOW HITPOINT WARNING * * *
Grinder gestures at you.
You suddenly lose the ability to move!
Grinder hits you.
* * * LOW HITPOINT WARNING * * *
You writhe in agony.
You die...

##.......#
#..###.###
########.)#.....#
...)......#.#.###
########..#.._..#
#<# #..###.#.# #.#
#..#.....# #.#
#..###.###
#.###).##.@5#
#######.....###.#.#
............##..#.#
##..........##.##.#
#..........##.##.#
#..........##.##.#
#..........##.##.#
#..........##.##.#
#..........##.##.#


You could see Grinder.

Vanquished Creatures
  An orc wizard (D:3)
  4 adders
  A worm (D:2)
  3 leopard geckos
  An orc (D:3)
  6 giant cockroaches
  4 goblins
  5 hobgoblins
  6 jackals
  4 kobolds
  6 bats
  11 frilled lizards
  9 rats
61 creatures vanquished.

Notes
Turn   | Place    | Note
-------+----------+-------------------------------------------
     0 | D:1      | Gorice the Hill Orc Fighter began the quest for the Orb.
     0 | D:1      | Reached XP level 1. HP: 19/19 MP: 1/1
    39 | D:1      | Reached skill level 3 in Axes
   148 | D:1      | Reached XP level 2. HP: 26/26 MP: 2/2
   581 | D:1      | Reached skill level 4 in Axes
   582 | D:1      | Reached XP level 3. HP: 29/31 MP: 3/3
   738 | D:2      | Found an ancient bone altar of Kikubaaqudgha.
  1206 | D:2      | Reached skill level 4 in Armour
  1283 | D:2      | Reached XP level 4. HP: 39/39 MP: 4/4
  1299 | D:2      | Noticed Terence
  1516 | D:2      | Reached skill level 5 in Axes
  1588 | D:2      | Upgraded the game from 0.22-a0-374-g5dfd9e3 to 0.22-a0-377-g846bec1
  1642 | D:3      | Found an opulent altar of Gozag.
  1831 | D:3      | Reached XP level 5. HP: 45/45 MP: 5/5
  1850 | D:3      | Noticed Grinder
  1889 | D:3      | HP: 10/45 [Grinder (8)]
  1889 | D:3      | Paralysed by Grinder for 6 turns
  1890 | D:3      | HP: 2/45 [Grinder (5)]
  1890 | D:3      | Slain by Grinder

Vault maps used:
D:1:      lemuel_arrival_hallway
D:2:      lemuel_doored_altar, minmay_lizard_king, uniq_terence
D:3:      dk_vineyard_2, nicolae_gozag_cash_rules_everything_around_me,
          uniq_grinder

Skill      XL: |  1  2  3  4 |
---------------+-------------+-----
Axes           | 3 4 5 |  5.7
Armour         | 4 |  4.4
Fighting       | |  3.6
Shields        | |  3.2

Action                   |  1- 3 |  4- 6 || total
-------------------------+-------+-------++-------
Melee: War axe           |   130 |    63 ||   193
Throw: Tomahawk          |     4 |       ||     4
       Javelin           |     2 |     3 ||     5
  Use: Scroll            |     5 |     1 ||     6
  Eat: Chunk             |     2 |     1 ||     3
Armor: Scale mail        |    64 |    32 ||    96
Dodge: Dodged            |    57 |    15 ||    72
Block: Shield            |    67 |    31 ||    98

Table legend:
 A = Spawn XP
 B = Non-spawn XP
 C = Spawn XP percentage of total XP
 D = Spawn monster count
 E = Non-spawn monster count
 F = Spawn count percentage of total count
 G = Total turns spent on level
                    A         B        C        D         E        F      G
               +---------+---------+-------+---------+---------+-------+---------
         Total |       0 |     181 |   0.0 |       0 |      61 |   0.0 |  1890
               +---------+---------+-------+---------+---------+-------+---------
           D:1 |       0 |      40 |   0.0 |       0 |      23 |   0.0 |   878
           D:2 |       0 |      56 |   0.0 |       0 |      27 |   0.0 |   712
           D:3 |       0 |      85 |   0.0 |       0 |      11 |   0.0 |   300
               +---------+---------+-------+---------+---------+-------+---------

Table legend:
 A = Turns spent in this place as a percentage of turns spent in the entire game.
 B = Non-inter-level travel turns spent in this place as a percentage of non-inter-level travel turns spent in the entire game.
 C = Inter-level travel turns spent in this place as a percentage of turns spent in this place.
 D = Turns resting spent in this place as a percentage of non-inter-level travel turns spent in this place.
 E = Turns spent auto-exploring this place as a percentage of non-inter-level travel turns spent in this place.
 F = Non-inter-level travel turns spent in this place divided by the number of levels of this place that you've seen.
                   A       B       C       D       E      F
               +-------+-------+-------+-------+-------+----------------------
         Total | 100.0 | 100.0 |   4.4 |  17.4 |  40.4 | 602.0
       Dungeon | 100.0 | 100.0 |   4.4 |  17.4 |  40.4 | 602.0
               +-------+-------+-------+-------+-------+----------------------

Vault maps used:
D:1:      lemuel_arrival_hallway
D:2:      lemuel_doored_altar, minmay_lizard_king, uniq_terence
D:3:      dk_vineyard_2, nicolae_gozag_cash_rules_everything_around_me,
          uniq_grinder
